Map: Catalyst LE

Players

Solar

  • Race: Zerg Zerg
  • Spawn Location: 5:00

Zest - Winner!

  • Race: Protoss Protoss
  • League: Master
  • Spawn Location: 11:00

Event: HomeStory Cup XVI

VOD

Have the link to the VOD?

Description

Time

  • Played on: Nov. 11, 2017, 2:25 p.m.
  • Length: 9:13

All games in this series

Show
View Real Time Build Order
Export as new Build Order

Solar Zerg 

Build Orders: Hatch First 

Get SALT Encoding   

  12  0:00  Drone  
  13  0:12  Overlord  
  13  0:17  Drone  
  14  0:30  Drone x2  
  16  0:49  Hatchery  
  15  0:51  Drone  
  15  0:55  Drone  
  17  0:58  Drone  
  18  1:04  Extractor  
  17  1:14  Spawning Pool  
  17  1:18  Drone  
  17  1:21  Drone  
  18  1:27  Drone  
  19  1:38  Drone  
  20  1:49  Overlord  
  20  2:01  Queen x2  
  20  2:02  Zergling x2  
  20  2:03  Drone  
  26  2:11  Drone  
  26  2:13  Drone  
  28  2:16  Metabolic Boost  
  28  2:21  Drone  
  29  2:23  Drone  
  30  2:34  Zergling x2  
  31  2:44  Drone  
  31  2:45  Drone  
  31  2:46  Zergling x2  
  31  2:48  Pneumatized Carapace  
  34  2:56  Overlord  
  34  2:59  Drone  
  35  3:06  Drone  
  35  3:07  Drone, Hatchery  
  36  3:14  Drone x2  
  36  3:15  Drone x3  
  36  3:17  Drone  
  42  3:20  Drone  
  42  3:24  Overlord  
  42  3:27  Drone  
  42  3:32  Overlord  
  43  3:41  Queen  
  43  3:43  Drone x3  
  43  3:44  Drone  
  49  3:49  Roach Warren  
  49  3:50  Extractor  
  49  3:53  Evolution Chamber  
  49  3:54  Zergling x4  
  48  3:58  Overlord  
  48  4:07  Baneling Nest, Drone  
  48  4:15  Overlord  
  48  4:19  Drone  
  48  4:20  Drone  
  48  4:23  Zergling x4  
  52  4:29  Roach x5  
  52  4:30  Roach  
  66  4:31  Roach  
  66  4:41  Roach x2, Zergling x2  
  71  4:49  Overlord  
  71  4:51  Baneling  
  71  4:52  Baneling, Zergling x2  
  72  4:53  Zergling x12  
  72  4:55  Baneling  
  72  4:56  Zergling x2  
  72  4:58  Zergling x4  
  81  5:03  Baneling  
  81  5:05  Zergling x2  
  81  5:07  Overlord  
  81  5:09  Zergling x2  
  81  5:10  Zergling x2  
  81  5:13  Baneling x3  
  81  5:17  Zergling x4  
  81  5:18  Zergling x2  
  83  5:22  Overlord  
  83  5:24  Overlord  
  83  5:25  Overlord  
  83  5:27  Roach  
  84  5:32  Baneling x3  
  84  5:33  Zergling x6  
  84  5:35  Zergling x4  
  89  5:38  Baneling  
  89  5:39  Overlord  
  89  5:46  Zergling x4  
  89  5:49  Baneling x3  
  89  5:51  Zergling x8  
  89  5:55  Zergling x2  
  92  6:01  Zergling x10  
  87  6:07  Roach x3  
  87  6:10  Baneling  
  83  6:13  Zergling x2  
  83  6:16  Queen  
  83  6:18  Zergling x2  
  84  6:21  Zergling x2  
  84  6:22  Zergling x2  
  85  6:25  Zergling x2  
  85  6:27  Baneling x2  
  80  6:34  Zergling x8  
  80  6:38  Zergling x2  
  80  6:39  Zergling x2  
  74  6:42  Zergling x6  
  74  6:44  Zergling x2  
  78  6:53  Zergling x8  
  81  7:00  Zergling x6  
  76  7:03  Ravager  
  76  7:06  Drone  
  75  7:11  Baneling x2, Drone x2  
  75  7:14  Baneling x2  
  77  7:18  Drone x3  
  77  7:20  Drone  
  81  7:24  Zergling x2  
  82  7:32  Drone  
  82  7:33  Drone x3  
  82  7:34  Zergling x4  
  82  7:36  Extractor  
  87  7:38  Lair  
  87  7:39  Zergling x2  
  87  7:40  Zergling x6  
  91  7:44  Drone  
  91  7:48  Drone  
  91  7:51  Drone  
  94  7:53  Drone x2  
  94  7:54  Extractor, Drone  
  94  7:55  Ravager  
  94  7:56  Overlord  
  97  7:58  Drone  
  97  8:01  Drone, Zergling x2  
  97  8:02  Zergling x2  
  101  8:09  Zergling x10  
  103  8:15  Zergling x4  
  104  8:24  Zergling x8  
  107  8:30  Zergling x6  
  107  8:32  Ravager x2  
  112  8:34  Overlord  
  112  8:35  Zergling x4  
  112  8:38  Overlord  
  112  8:40  Drone  
  114  8:41  Overseer  
  114  8:44  Zergling x2  
  115  8:51  Roach x4  
  115  8:52  Roach  
Show
View Real Time Build Order
Export as new Build Order

Zest Protoss - Winner!

Build Orders: Nexus First, Zealot Archon 

Get SALT Encoding   

  12  0:02  Probe (Chrono Boost)  
  14  0:14  Probe (Chrono Boost)  
  14  0:18  Pylon  
  14  0:26  Probe (Chrono Boost)  
  15  0:32  Probe (Chrono Boost)  
  15  0:40  Probe (Chrono Boost)  
  17  0:58  Nexus  
  17  1:07  Probe (Chrono Boost)  
  17  1:08  Gateway  
  18  1:15  Probe (Chrono Boost)  
  19  1:20  Assimilator  
  20  1:27  Probe (Chrono Boost)  
  20  1:28  Assimilator  
  20  1:39  Probe (Chrono Boost)  
  21  1:51  Probe (Chrono Boost)  
  22  1:55  Cybernetics Core  
  22  2:01  Probe (Chrono Boost)  
  22  2:07  Probe (Chrono Boost)  
  22  2:08  Probe (Chrono Boost)  
  23  2:14  Zealot  
  23  2:15  Probe (Chrono Boost)  
  27  2:17  Probe (Chrono Boost)  
  29  2:25  Pylon  
  29  2:27  Probe (Chrono Boost)  
  29  2:29  Probe (Chrono Boost)  
  31  2:32  Warp Gate  
  31  2:39  Probe (Chrono Boost)  
  31  2:40  Pylon  
  31  2:41  Stalker  
  31  2:42  Probe (Chrono Boost)  
  36  2:52  Probe (Chrono Boost)  
  36  2:54  Probe (Chrono Boost)  
  36  2:55  Robotics Facility  
  37  3:05  Probe (Chrono Boost)  
  39  3:06  Probe (Chrono Boost)  
  39  3:11  Twilight Council  
  40  3:21  Probe (Chrono Boost)  
  40  3:23  Gateway  
  40  3:26  Gateway  
  40  3:28  Immortal  
  40  3:38  Charge, Pylon  
  44  3:52  Gateway  
  44  3:53  Warp Prism  
  44  3:55  Gateway  
  44  3:57  Gateway  
  44  3:58  Gateway  
  46  4:10  Gateway  
  46  4:18  Pylon  
  46  4:26  Pylon x2  
  46  4:35  Probe (Chrono Boost)  
  46  4:37  Probe (Chrono Boost)  
  48  4:40  Zealot x3  
  54  4:51  Pylon  
  54  4:55  Stalker x2  
  54  4:59  Adept  
  60  5:06  Probe x2 (Chrono Boost)  
  57  5:17  Zealot x2  
  57  5:18  Zealot x5  
  71  5:30  Pylon  
  71  5:54  Zealot x2  
  71  5:55  Zealot x2  
  71  5:56  Zealot x2  
  81  5:59  Zealot x2  
  59  6:20  Zealot x8  
  53  6:45  Zealot x8  
  59  7:06  Probe x2 (Chrono Boost)  
  51  7:11  Templar Archives  
  51  7:19  Assimilator, Probe x2 (Chrono Boost)  
  51  7:22  Assimilator  
  53  7:25  Warp Prism  
  53  7:29  Pylon  
  55  7:31  Probe x2 (Chrono Boost)  
  55  7:33  Stalker  
  57  7:40  Pylon  
  59  7:49  High Templar  
  59  7:50  High Templar x3, Zealot x3, Probe x2 (Chrono Boost)  
  75  7:54  Archon x2, Pylon  
  75  7:57  Zealot  
  77  8:22  High Templar x2, Zealot x6  
  92  8:28  Archon  
  92  8:38  Zealot x2  
  88  8:56  Zealot x8  
Tags
 
Add a new tag
Caveats
  • Supply blocks, unpowered buildings, or Contaminate may cause inaccurate times.
  • Supply counts are checked every 10 seconds.